 Dungeon Crawl Stone Soup version 0.27.1-35-g4d5d836560 (webtiles) character file.

Game seed: 17756005894497130682

148 cbfl8 the Sneak (level 5, -2/47 HPs)
             Began as a Minotaur Delver on Mar 26, 2022.
             Slain by a sky beast (5 damage)
             ... on level 5 of the Dungeon.
             The game lasted 00:01:02 (1185 turns).

cbfl8 the Sneak (Minotaur Delver)                   Turns: 1185, Time: 00:01:03

Health: -2/47      AC:  3    Str: 17    XL:     5   Next: 8%
Magic:  4/4        EV: 12    Int:  7    God:
Gold:   17         SH:  0    Dex: 12    Spells: 4/4 levels left

rFire    . . .     SeeInvis .   d - +0 long sword
rCold    . . .     Faith    .   (no shield)
rNeg     . . .     Spirit   .   b - +0 leather armour
rPois    .         Reflect  .   (helmet restricted)
rElec    .         Harm     .   (no cloak)
rCorr    .         Rampage  .   (no gloves)
Will     .....                  (no boots)
Stlth    +++.......             (no amulet)
HPRegen  0.15/turn              (no ring)
MPRegen  0.09/turn              (no ring)

@: no status effects
A: horns 2, retaliatory headbutt
a: no special abilities


You were on level 5 of the Dungeon.
You visited 1 branch of the dungeon, and saw 1 of its levels.

You collected 17 gold pieces.

Inventory:

Hand Weapons
 a - a +0 hand axe
 d - a +0 long sword (weapon)
Armour
 b - a +0 leather armour (worn)
Wands
 g - a wand of digging (3)
 i - a wand of polymorph (9)
Scrolls
 c - a scroll of fog
 e - a scroll of fear
 h - a scroll of enchant weapon {unknown}
Potions
 f - a potion of haste


   Skills:
 + Level 4.7 Fighting
 + Level 1.3 Long Blades
 + Level 2.6 Axes
 + Level 0.8 Armour
 + Level 2.4 Dodging
 + Level 5.3 Stealth


You had 4 spell levels left.
You didn't know any spells.
Your spell library was empty.

Dungeon Overview and Level Annotations

Branches:
Dungeon (5/15)
 Temple: D:4-7

Altars:
Vehumet

Annotations:
D:5 exclusion: statue


Innate Abilities, Weirdness & Mutations

You have a pair of horns on your head.
You reflexively headbutt those who attack you in melee.


Message History

Found a stone staircase leading down.
Found a scroll labelled DATEAQ TYCOSI.
The sky beast hits you. The sky beast shocks you.
The sky beast flickers out of sight!
Deactivating autopickup; reactivate with Ctrl-A.
Something hits you but does no damage.
You closely miss something. Your headbutt misses something.
A sky beast appears from thin air!
Reactivating autopickup.
The sky beast completely misses you. The sky beast hits you.
The sky beast shocks you.
You barely miss the sky beast. The sky beast hits you.
The sky beast shocks you.
You hit the sky beast.
The sky beast is lightly wounded.
The sky beast hits you. The sky beast shocks you.
You hit the sky beast. You headbutt the sky beast.
The sky beast is moderately wounded.
The sky beast barely misses you.
You riposte.
You closely miss the sky beast.
The sky beast is moderately wounded.
The sky beast hits you. The sky beast shocks you.
* * * LOW HITPOINT WARNING * * *
You barely miss the sky beast. You headbutt the sky beast.
The sky beast is moderately wounded.
The sky beast hits you but does no damage.
You closely miss the sky beast.
The sky beast is moderately wounded.
The sky beast closely misses you.
You barely miss the sky beast.
The sky beast is moderately wounded.
The sky beast hits you.
* * * LOW HITPOINT WARNING * * *
The sky beast shocks you.
* * * LOW HITPOINT WARNING * * *
The sky beast flickers out of sight!
Deactivating autopickup; reactivate with Ctrl-A.
Something hits you.
* * * LOW HITPOINT WARNING * * *
Something shocks you.
You die...

**,,,**,,,* *##.....#...*
**#*##,......#..## ####
*,.?#.#*.........####..##
*,.....##....#....##....#
*,...>......##.........###
*,..........###..........#
**#.........##..##.......##
*,,,,***#.@...............(
***,****##{........#.......
*,,,*,,*#.........##.#..... ***
****,,,,,##........####.....
*,****,,,,,,,,*#......#...*##....
<,,,,,,,,,*,,,.......##..##*#.>..
,**,,,,,*,**,#........#..#*,##..#
*,,,,,,**,***#....##..#...,....##
*,,***,*,,** **,****,,,,,,*#...#*


There were no monsters in sight!

Vanquished Creatures
  A water moccasin (D:5)
  A hound (D:5)
  An adder (D:5)
  A worm (D:5)
4 creatures vanquished.

Notes
Turn   | Place    | Note
-------+----------+-------------------------------------------
     0 | D:5      | cbfl8 the Minotaur Delver began the quest for the Orb.
     0 | D:5      | Reached XP level 1. HP: 19/19 MP: 0/0
    47 | D:5      | Noticed a hound
    55 | D:5      | Killed a hound
    56 | D:5      | Reached XP level 2. HP: 12/27 MP: 1/1
    56 | D:5      | Reached XP level 3. HP: 14/33 MP: 2/2
   692 | D:5      | Noticed a water moccasin
   704 | D:5      | Killed a water moccasin
   705 | D:5      | Reached skill level 1 in Long Blades
   705 | D:5      | Reached skill level 5 in Stealth
   705 | D:5      | Reached XP level 4. HP: 8/41 MP: 3/3
   705 | D:5      | Reached XP level 5. HP: 9/47 MP: 4/4
  1010 | D:5      | Found a radiant altar of Vehumet.
  1012 | D:5      | Noticed a charred statue
  1169 | D:5      | Noticed a sky beast
  1185 | D:5      | Slain by a sky beast

Illustrated notes

Levels and vault maps discovered:
D:5:      layout_cave_pools, vehumet_statue, st_stairs_5

Skill      XL: |  1  2  3 |
---------------+----------+-----
Fighting       | 4 |  4.7
Long Blades    | 1 |  1.3
Stealth        | 5 |  5.3
Axes           | |  2.6
Armour         | |  0.8
Dodging        | |  2.4

Action                   |  1- 3 |  4- 6 || total
-------------------------+-------+-------++-------
Melee: Long sword        |    27 |     7 ||    34
       Headbutt          |     6 |     2 ||     8
  Use: Scroll            |     1 |       ||     1
Armor: Leather armour    |     5 |     2 ||     7
Dodge: Dodged            |    19 |     3 ||    22
       Rpst.: Long sword |     6 |     1 ||     7
